Map: Cerulean Fall LE

Players

Zest - Winner!

  • Race: Protoss Protoss
  • Spawn Location: 7:00

sOs

  • Race: Protoss Protoss
  • Spawn Location: 1:00

Event: 2018 WCS Global Finals

VOD

Have the link to the VOD?

Description

Time

  • Played on: Oct. 28, 2018, 4:20 p.m.
  • Length: 8:36

All games in this series

Show
View Real Time Build Order
Export as new Build Order

Zest Protoss - Winner!

Build Orders: Zealot Archon, Dark Templar Rush 

Get SALT Encoding   

  12  0:00  Probe  
  13  0:12  Probe  
  14  0:18  Pylon  
  14  0:24  Probe  
  15  0:32  Probe  
  15  0:38  Gateway  
  15  0:40  Probe  
  16  0:47  Assimilator  
  17  0:50  Probe  
  18  0:58  Probe  
  18  1:03  Assimilator  
  19  1:06  Probe  
  20  1:13  Gateway  
  20  1:17  Probe  
  21  1:27  Cybernetics Core  
  21  1:29  Probe  
  22  1:36  Pylon  
  22  1:41  Probe  
  23  1:54  Probe  
  23  1:55  Warp Gate  
  24  2:04  Adept x2  
  28  2:14  Twilight Council  
  28  2:23  Pylon  
  28  2:51  Dark Shrine  
  28  2:53  Nexus  
  28  3:10  Stalker x2  
  31  3:26  Probe  
  32  3:29  Robotics Facility  
  32  3:40  Probe  
  33  3:42  Pylon  
  33  3:52  Probe  
  34  4:03  Dark Templar, Probe  
  34  4:04  Dark Templar, Probe  
  40  4:11  Probe  
  40  4:12  Probe  
  40  4:15  Warp Prism  
  44  4:26  Probe  
  45  4:37  Probe  
  47  4:38  Probe  
  47  4:39  Pylon  
  47  4:50  Probe x2  
  49  4:56  Observer  
  49  4:58  Shield Battery  
  49  4:59  Forge  
  50  5:02  Probe x2  
  52  5:08  Immortal  
  52  5:14  Probe x2  
  53  5:18  Assimilator  
  53  5:20  Protoss Ground Weapons Level 1  
  53  5:21  Assimilator  
  58  5:26  Probe  
  58  5:27  Probe  
  60  5:38  Probe  
  60  5:39  Probe  
  60  5:47  Charge  
  60  5:52  Probe x2, Pylon  
  62  5:59  Pylon  
  62  6:06  Gateway x2  
  62  6:10  Probe x2  
  62  6:11  Sentry  
  70  6:14  Gateway  
  70  6:15  Gateway  
  70  6:16  Gateway  
  66  6:24  Gateway  
  66  6:26  Pylon  
  66  6:33  Templar Archives  
  66  6:43  Zealot x2  
  74  6:47  Immortal  
  70  7:17  High Templar x2, Pylon  
  70  7:18  High Templar x2, Zealot x3  
  84  7:26  Archon x2  
  84  7:29  Pylon  
  84  7:31  Pylon  
  84  7:35  Probe x2  
  85  7:51  Pylon  
  85  7:56  Zealot x8  
  91  8:19  Dark Templar x2  
  91  8:20  Zealot x5  
Show
View Real Time Build Order
Export as new Build Order

sOs Protoss 

Build Orders:  

Get SALT Encoding   

  12  0:00  Probe  
  13  0:12  Probe  
  14  0:17  Pylon  
  14  0:23  Probe  
  15  0:32  Probe  
  15  0:38  Gateway  
  15  0:40  Probe  
  16  0:47  Assimilator  
  17  0:50  Probe  
  17  0:55  Assimilator  
  18  0:58  Probe  
  19  1:08  Probe, Gateway  
  20  1:19  Probe  
  20  1:25  Cybernetics Core  
  21  1:31  Probe  
  22  1:36  Pylon  
  22  1:43  Probe  
  23  1:47  Warp Gate  
  24  2:01  Stalker  
  24  2:06  Stalker  
  28  2:29  Nexus  
  27  2:32  Sentry  
  27  2:36  Sentry  
  31  2:45  Pylon  
  31  3:03  Stalker, Sentry, Probe  
  36  3:10  Pylon  
  36  3:18  Probe  
  37  3:22  Shield Battery  
  37  3:29  Shield Battery  
  37  3:30  Probe  
  38  3:42  Probe x2  
  40  3:49  Stalker  
  40  3:51  Stalker  
  44  3:56  Probe  
  44  3:57  Probe  
  46  4:07  Robotics Facility  
  47  4:10  Probe x2  
  48  4:23  Probe  
  49  4:25  Probe  
  49  4:35  Probe  
  49  4:37  Probe  
  49  4:47  Probe, Observer  
  49  4:49  Probe  
  51  5:04  Probe x2  
  52  5:08  Warp Prism, Forge  
  54  5:19  Probe  
  54  5:20  Probe  
  56  5:22  Pylon  
  56  5:27  Probe  
  56  5:32  Probe  
  56  5:35  Probe  
  55  5:44  Probe, Observer  
  55  5:48  Protoss Ground Weapons Level 1  
  57  5:52  Probe  
  57  5:53  Assimilator  
  57  5:55  Assimilator  
  57  5:57  Probe  
  59  6:02  Twilight Council  
  59  6:05  Probe  
  59  6:09  Robotics Bay, Probe  
  59  6:10  Pylon  
  61  6:23  Pylon  
  61  6:27  Pylon  
  61  6:28  Probe  
  61  6:29  Adept x2  
  66  6:40  Charge  
  66  6:45  Gateway x2  
  66  6:46  Gateway  
  66  6:48  Immortal  
  70  6:54  Gateway  
  70  7:08  Zealot x2  
  70  7:12  Gateway  
  70  7:14  Gateway  
  74  7:17  Photon Cannon  
  74  7:19  Dark Shrine  
  74  7:27  Photon Cannon  
  74  7:31  Immortal  
  74  7:32  Templar Archives  
  76  7:39  Zealot x2  
  76  7:44  Pylon  
  80  7:55  Zealot x2  
  80  8:05  Zealot x3  
  84  8:15  Zealot x3  
  78  8:21  Zealot  
  78  8:22  Zealot  
Tags
 
Add a new tag
Caveats
  • Supply blocks, unpowered buildings, or Contaminate may cause inaccurate times.
  • Supply counts are checked every 10 seconds.